 Dungeon Crawl Stone Soup version 0.23.2-33-g5129a83184 (webtiles) character file.

Game seed: 7710766593812426584

1789 Descartes the Blocker (level 9, 0/69 HPs)
             Began as a Formicid Fighter on July 21, 2019.
             Was a Believer of Cheibriados.
             Slain by a bullfrog skeleton (5 damage)
             ... on level 6 of the Dungeon.
             The game lasted 00:21:22 (6551 turns).

Descartes the Blocker (Formicid Fighter)            Turns: 6551, Time: 00:21:23

Health: 0/69       AC:  3    Str: 25    XL:     9   Next: 29%
Magic:  11/11      EV: 12    Int: 14    God:    Cheibriados [**....]
Gold:   260        SH: 12    Dex: 18    Spells: 6/11 levels left

rFire    . . .     SeeInvis +   F - +2 glaive (venom)
rCold    . . .     Gourm    .   c - +0 shield
rNeg     . . .     Faith    .   I - +0 leather armour {rPois}
rPois    +         Spirit   .   (helmet unavailable)
rElec    .         Reflect  .   (no cloak)
rCorr    .         Harm     .   (no gloves)
MR       .....                  (no boots)
Stlth    ++........             (no amulet)
HPRegen  0.21/turn              (no ring)
MPRegen  0.12/turn              (no ring)

@: very slow
A: permanent stasis, dig shafts and tunnels, four strong arms, antennae 3
a: Dig, Shaft Self, Bend Time, Renounce Religion


You were on level 6 of the Dungeon.
You worshipped Cheibriados.
Cheibriados was pleased with you.
You were not hungry.

You visited 1 branch of the dungeon, and saw 6 of its levels.
You also visited: Sewer.

You collected 260 gold pieces.

Inventory:

Hand Weapons
 a - a +0 war axe
 b - a +0 hunting sling
 d - a +0 dagger of electrocution
 B - a +3 dagger of venom
 E - a +2 hand axe of flaming
 F - a +2 glaive of venom (weapon)
Missiles
 l - 193 stones (quivered)
 o - 9 tomahawks
 y - 76 arrows
 A - 31 poisoned needles
 C - 40 sling bullets
Armour
 c - a +0 shield (worn)
 I - a +0 leather armour of poison resistance (worn)
Jewellery
 w - an uncursed ring of ice
Wands
 e - a wand of polymorph (6)
Scrolls
 h - 3 scrolls of fear {unknown}
 i - a scroll of enchant armour {unknown}
 q - a scroll of noise {unknown}
 r - a scroll of blinking {unknown}
 s - a scroll of amnesia {unknown}
 u - 2 scrolls of magic mapping {unknown}
 v - 4 scrolls of teleportation
 z - 2 scrolls of remove curse
 H - a scroll of immolation {unknown}
Potions
 g - 2 potions of lignification
 k - a potion of mutation {unknown}
 n - a potion of curing
 p - 2 potions of agility {unknown}
 t - 2 potions of resistance
 x - a potion of ambrosia {unknown}
 D - a potion of might
 G - a potion of heal wounds
Comestibles
 f - 11 rations
 j - a chunk of flesh


   Skills:
 + Level 5.8 Fighting
 * Level 3.6(3.8) Axes
 + Level 1.3(2.7) Polearms
 + Level 6.0 Armour
 + Level 1.6 Dodging
 + Level 2.5 Stealth
 * Level 8.5 Shields
 + Level 1.5 Spellcasting
 + Level 1.9 Conjurations
 + Level 1.4 Transmutations
 + Level 1.5 Earth Magic
 + Level 2.0 Invocations
 + Level 2.0 Evocations


You had 6 spell levels left.
You knew the following spells:

 Your Spells              Type           Power        Failure   Level  Hunger
a - Magic Dart            Conj           #...         14%         1    ##.....
b - Petrify               Tmut/Erth      #.......     86%         4    #####..

Your spell library contained the following spells:

 Spells                   Type           Power        Failure   Level  Hunger
 Searing Ray              Conj           #.....       21%         2    ###....
 Confusing Touch          Hex            #.....       30%         1    ##.....
 Dazzling Spray           Conj/Hex       #.....       52%         3    ####...
 Confuse                  Hex            #.......     67%         3    ####...
 Gell's Gravitas          Tloc           #.........   67%         3    ####...
 Iskenderun's Mystic Bla  Conj           #.......     80%         4    #####..
 Force Lance              Conj/Tloc      #.......     90%         4    #####..
 Fulminant Prism          Conj/Hex       #.........   90%         4    #####..
 Yara's Violent Unravell  Hex/Tmut       #.........   99%         5    ######.
 Metabolic Englaciation   Hex/Ice        #.........   100%        5    ######.


Dungeon Overview and Level Annotations

Branches:
Dungeon (6/15)
 Temple: D:4-7

Altars:
Ashenzari
Cheibriados
Dithmenos
Elyvilon
Kikubaaqudgha
Okawaru
Ru
Sif Muna
Uskayaw
Wu Jian
Zin
The Shining One

Shops:
D:4 [   D:6 *


Innate Abilities, Weirdness & Mutations

You cannot be hasted, slowed, berserked, paralysed or teleported.
You can dig through walls and to a lower floor.
Your four strong arms can wield two-handed weapons with a shield.
You have a pair of large antennae on your head. (SInv)


Message History

You slice the orc warrior!!
The orc warrior looks as sick as possible!
The orc warrior is severely wounded.
The bullfrog skeleton hits you.
* * * LOW HITPOINT WARNING * * *
You block the orc warrior's attack.
You block the bullfrog skeleton's attack.
You hit the orc warrior but do no damage.
The orc warrior looks as sick as possible!
The orc warrior is almost dead.
You kill the orc warrior!
Cheibriados appreciates the change of pace.
Your Armour skill increases to level 6!
The bullfrog skeleton hits you.
* * * LOW HITPOINT WARNING * * *
The bullfrog skeleton hits you but does no damage.
You barely miss the bullfrog skeleton.
The bullfrog skeleton closely misses you.
The bullfrog skeleton hits you.
You die...

##.##........#
#..#........#
###.#........#
....#........#
.............###########
...#.##................#
...#.##.##############.#
####..#.#......Z..<.<#.#
##.#.# ##...)@..#)#.#
#.#.# #.......#.#.#
#...#..........#.#.#
##..#..#########.#.#
#..#. #.........#.# ##.#
#.#########.# #.# #.#
###.### #># #.# #.....##
### {#.# #.#.#..#


You could see a bullfrog skeleton.

Vanquished Creatures
  Grinder (D:3)
  A phantom (D:6)
  An orc warrior (D:6)
  3 ogres
  2 centaurs (D:6)
  A bullfrog (Sewer)
  A scorpion (D:6)
  A howler monkey (D:6)
  A crimson imp (D:6)
  A hound (D:4)
  2 orc priests
  2 bullfrog skeletons (D:6)
  A centaur skeleton (D:4)
  Ijyb (D:3)
  An iguana (D:5)
  7 orc wizards
  3 worker ants
  A hound skeleton (D:6)
  9 adders
  2 shadow imps (D:5)
  An ooze (D:1)
  3 adder skeletons
  2 worms
  3 dart slugs
  4 leopard geckos
  33 orcs
  6 ball pythons
  16 giant cockroaches
  13 goblins
  12 hobgoblins
  7 jackals
  7 bats
  8 frilled lizards
  9 kobolds
  A quokka skeleton (D:6)
  A quokka zombie (D:6)
  13 rats
181 creatures vanquished.

Notes
Turn   | Place    | Note
-------+----------+-------------------------------------------
     0 | D:1      | Descartes the Formicid Fighter began the quest for the Orb.
     0 | D:1      | Reached XP level 1. HP: 18/18 MP: 1/1
    96 | D:1      | Reached XP level 2. HP: 24/24 MP: 2/2
   100 | D:1      | Reached skill level 4 in Shields
   159 | D:1      | Found a shattered altar of Ashenzari.
   292 | D:1      | Reached XP level 3. HP: 29/29 MP: 3/3
   896 | D:2      | Found a shadowy altar of Dithmenos.
   901 | D:2      | Reached XP level 4. HP: 37/37 MP: 4/4
  1187 | D:2      | Found a deep blue altar of Sif Muna.
  1550 | D:3      | Reached skill level 5 in Shields
  1721 | D:3      | Found a white marble altar of Elyvilon.
  1788 | D:3      | Noticed Grinder
  1829 | D:3      | Killed Grinder
  1829 | D:3      | Reached skill level 6 in Shields
  1829 | D:3      | Reached XP level 5. HP: 5/43 MP: 5/5
  1829 | D:3      | Reached XP level 6. HP: 6/49 MP: 6/6
  2106 | D:3      | Noticed Ijyb
  2118 | D:3      | Killed Ijyb
  2360 | D:3      | Reached XP level 7. HP: 53/55 MP: 7/7
  2522 | D:3      | Reached skill level 5 in Armour
  2543 | D:3      | Reached skill level 7 in Shields
  2557 | D:3      | Found an ornate altar of the Wu Jian Council.
  2562 | D:3      | You fall through a shaft!
  2570 | D:4      | Reached skill level 5 in Fighting
  2594 | D:4      | Found an ancient bone altar of Kikubaaqudgha.
  2602 | D:4      | Found a hide-covered altar of Uskayaw.
  2734 | D:4      | Found Ypedyocadu's Antique Armour Boutique.
  2813 | D:4      | Found an iron altar of Okawaru.
  3079 | D:4      | Found a sacrificial altar of Ru.
  3534 | D:5      | Entered Level 5 of the Dungeon
  3607 | D:5      | Found a snail-covered altar of Cheibriados.
  3659 | D:5      | Became a worshipper of Cheibriados the Contemplative
  3662 | D:5      | Learned a level 1 spell: Magic Dart
  3698 | D:5      | Found a shadowy altar of Dithmenos.
  3768 | D:5      | Found a glowing drain.
  3786 | D:5      | Reached XP level 8. HP: 5/63 MP: 8/8
  3898 | Sewer    | Entered a sewer
  4235 | Sewer    | Reached * piety under Cheibriados
  4415 | Sewer    | Reached skill level 1 in Conjurations
  4436 | Sewer    | Reached skill level 1 in Evocations
  4506 | D:5      | Reached skill level 1 in Stealth
  4506 | D:5      | Reached skill level 8 in Shields
  4506 | D:5      | Reached skill level 1 in Invocations
  5068 | D:6      | Learned a level 4 spell: Petrify
  5110 | D:6      | Reached skill level 1 in Dodging
  5295 | D:6      | Reached skill level 1 in Spellcasting
  5525 | D:6      | Reached skill level 1 in Earth Magic
  5525 | D:6      | Reached XP level 9. HP: 31/69 MP: 10/10
  5554 | D:6      | Reached ** piety under Cheibriados
  5766 | D:6      | Found a glowing golden altar of the Shining One.
  6070 | D:6      | Found Abrug's Assorted Antiques.
  6109 | D:6      | Found a glowing silver altar of Zin.
  6118 | D:6      | Reached skill level 1 in Polearms
  6118 | D:6      | Reached skill level 1 in Transmutations
  6469 | D:6      | Found a glowing golden altar of the Shining One.
  6551 | D:6      | Slain by a bullfrog skeleton

Skill      XL: |  1  2  3  4  5  6  7  8  9 |
---------------+----------------------------+-----
Shields        | 4 6 7 8 |  8.5
Armour         | 4 5 6 |  6.0
Fighting       | 4 5 |  5.8
Conjurations   | 1 |  1.9
Evocations     | 1 2 |  2.0
Stealth        | 2 |  2.5
Invocations    | 1 2 |  2.0
Dodging        | 1 |  1.6
Axes           | 3 |  3.6
Spellcasting   | 1 |  1.5
Earth Magic    | 1 |  1.5
Polearms       | 1 |  1.3
Transmutations | 1 |  1.4

Action                   |  1- 3 |  4- 6 |  7- 9 || total
-------------------------+-------+-------+-------++-------
Melee: War axe           |    80 |   130 |   275 ||   485
       Unarmed           |       |     4 |       ||     4
       Glaive            |       |       |   134 ||   134
 Fire: Hunting sling     |       |     1 |       ||     1
Throw: Stone             |       |     1 |       ||     1
 Abil: Dig               |       |     2 |     1 ||     3
       Shaft Self        |       |       |     1 ||     1
  Use: Potion            |       |     2 |     2 ||     4
       Scroll            |       |       |     5 ||     5
  Eat: Chunk             |       |     5 |    11 ||    16
Armor: Scale mail        |    36 |    51 |    89 ||   176
       Skin              |       |     2 |       ||     2
       Leather armour    |       |       |     9 ||     9
Dodge: Dodged            |    16 |    47 |   146 ||   209
Block: Shield            |    43 |    72 |   297 ||   412
